Map: Emerald City CE

Players

Ekelpack - Winner!

  • Race: Zerg Zerg
  • Spawn Location: 11:00

Nyck - Winner!

  • Race: Terran Terran
  • Spawn Location: 11:00

Хищник

  • Race: Zerg Zerg
  • League: Platinum
  • Spawn Location: 5:00

Хищник

  • Race: Protoss Protoss
  • Spawn Location: 5:00

VOD

Have the link to the VOD?

Description

Time

  • Played on: Nov. 19, 2024, 12:58 p.m.
  • Length: 13:50
Show
View Real Time Build Order
Export as new Build Order

Ekelpack Zerg - Winner!

Build Orders: Hatch First 

Get SALT Encoding   

  12  0:00  Drone  
  13  0:12  Overlord  
  13  0:17  Drone  
  14  0:31  Drone  
  15  0:50  Hatchery, Drone  
  15  1:04  Spawning Pool  
  15  1:09  Drone  
  15  1:16  Drone, Extractor  
  15  1:19  Drone  
  15  1:21  Drone  
  17  1:32  Drone  
  18  1:42  Drone  
  19  1:52  Queen  
  21  1:57  Overlord  
  21  2:05  Queen  
  23  2:10  Drone  
  23  2:13  Drone  
  23  2:15  Drone  
  26  2:19  Drone  
  27  2:28  Lair  
  27  2:32  Drone  
  27  2:34  Drone  
  29  2:38  Drone  
  29  2:39  Drone  
  31  2:45  Drone  
  31  2:51  Drone, Extractor  
  33  2:58  Zergling x2  
  33  3:00  Overlord  
  33  3:03  Overlord  
  34  3:12  Drone  
  34  3:13  Drone x2  
  36  3:20  Drone x2  
  36  3:21  Drone, Overlord  
  36  3:24  Extractor  
  38  3:31  Spire  
  38  3:33  Drone  
  38  3:34  Drone  
  39  3:38  Drone, Extractor  
  39  3:43  Drone x2  
  41  3:49  Drone x3  
  41  3:54  Drone  
  45  4:01  Overlord  
  45  4:12  Drone x2  
  45  4:16  Drone x2  
  49  4:18  Overlord x2  
  49  4:46  Mutalisk x5  
  49  4:47  Mutalisk x4  
  64  5:02  Mutalisk x2  
  68  5:31  Hatchery  
  61  6:26  Mutalisk x3  
  65  6:45  Overlord  
  47  7:15  Hatchery  
  46  7:20  Drone x3  
  49  7:54  Lair  
  49  7:58  Zerg Flyer Weapons Level 1  
  49  7:59  Mutalisk x2  
  53  8:25  Mutalisk x2  
  53  8:26  Zergling x2  
  58  8:35  Hatchery  
  55  9:05  Queen  
  55  9:09  Overseer  
  53  9:10  Overseer  
  53  9:11  Overseer  
  53  9:31  Drone x3  
  56  9:52  Zergling x6  
  59  9:53  Zergling x2  
  59  9:55  Zerg Flyer Weapons Level 2  
  60  10:00  Zergling x2  
  53  10:21  Spore Crawler  
  52  10:35  Zergling x8  
  45  10:36  Zergling x2  
  45  10:40  Drone x3  
  48  10:57  Zergling x4  
  48  10:58  Queen  
  52  11:18  Metabolic Boost  
  52  11:19  Zergling x2  
  52  11:20  Zergling x2  
  50  11:35  Pneumatized Carapace  
  48  11:56  Drone x3  
  48  11:57  Overlord x3  
  51  12:18  Zergling x6  
  50  12:32  Hatchery  
  50  12:34  Hatchery  
  48  12:52  Queen  
  48  12:57  Hatchery  
  44  13:17  Zergling x6  
  43  13:30  Hatchery  
  44  13:48  Evolution Chamber  
Show
View Real Time Build Order
Export as new Build Order

Nyck Terran - Winner!

Build Orders:  

Get SALT Encoding   

  12  0:00  SCV  
  13  0:12  SCV  
  14  0:19  Supply Depot  
  14  0:25  SCV  
  15  0:44  Barracks  
  15  0:45  SCV  
  16  0:54  Refinery  
  16  0:56  Refinery  
  16  0:58  SCV  
  17  1:10  SCV  
  18  1:22  SCV  
  19  1:39  Factory  
  19  1:41  Orbital Command  
  19  1:54  Barracks Reactor  
  19  2:10  Supply Depot, SCV  
  20  2:22  SCV  
  21  2:25  Command Center  
  21  2:38  Supply Depot  
  21  2:40  Barracks Tech Lab  
  21  2:42  Hellion  
  23  2:48  Hellion  
  23  2:50  SCV  
  26  3:04  Hellion  
  28  3:09  Hellion  
  30  3:13  SCV  
  31  3:38  SCV  
  32  3:53  SCV  
  33  4:00  Command Center  
  33  4:11  Marine  
  33  4:12  Marine  
  33  4:15  Siege Tank  
  33  4:16  Infernal Pre-Igniter  
  38  4:28  SCV  
  39  4:39  Orbital Command  
  39  4:40  SCV  
  40  4:51  Marine  
  40  4:52  SCV, Marine  
  41  5:06  SCV  
  40  5:07  SCV  
  41  5:18  Siege Tank  
  41  5:20  Marine x2  
  46  5:46  Marine x2  
  48  5:50  Siege Tank  
  51  6:04  Marine x2  
  51  6:09  Engineering Bay  
  53  6:11  Supply Depot  
  53  6:12  SCV x2  
  55  6:20  Barracks  
  55  6:24  SCV x2, Barracks  
  55  6:25  Barracks  
  57  6:56  Orbital Command  
  57  6:59  SCV x2  
  59  7:08  Barracks  
  59  7:09  Terran Infantry Weapons Level 1  
  59  7:11  SCV, Barracks Reactor x2  
  59  7:12  Barracks Reactor  
  60  7:18  SCV  
  60  7:22  SCV  
  62  7:23  SCV  
  62  7:25  Refinery  
  62  7:27  Refinery  
  63  7:30  SCV  
  63  7:35  SCV  
  63  7:36  Marine  
  67  7:37  Marine  
  60  8:05  Marine x2  
  62  8:17  Supply Depot  
  62  8:19  Supply Depot  
  62  8:20  Supply Depot  
  62  8:22  Barracks Tech Lab  
  62  8:27  Armory  
  62  8:38  Marine x6  
  62  8:39  SCV x2  
  62  8:40  Supply Depot  
  62  8:41  Marine x2  
  72  8:42  Supply Depot  
  72  8:43  Marine  
  73  8:51  Supply Depot, SCV x2  
  72  8:56  Marine x6  
  75  9:03  Supply Depot, SCV  
  75  9:05  Marine x2  
  75  9:09  Combat Shield  
  77  9:12  Supply Depot  
  77  9:14  Supply Depot  
  77  9:15  SCV  
  78  9:20  SCV  
  77  9:27  SCV  
  77  9:29  Terran Infantry Weapons Level 2  
  78  9:35  Supply Depot  
  78  9:36  Supply Depot  
  77  9:38  Supply Depot  
  77  9:39  SCV  
  77  9:40  Marine x5  
  77  9:41  Marine x3  
  77  9:42  Marauder  
  88  9:51  SCV  
  88  9:52  Starport x2  
  89  10:00  Marine x2  
  89  10:01  Marine x3  
  89  10:03  SCV  
  95  10:28  Stimpack  
  95  10:31  SCV  
  96  10:49  Command Center  
  93  11:33  SCV  
  93  11:34  Marine x4  
  93  11:36  Marine x4  
  102  11:45  SCV  
  103  12:02  Orbital Command  
  103  12:17  Marine x4  
  107  12:31  SCV x2  
  107  12:32  Marine x4  
  113  12:40  Marine x4  
  113  12:43  SCV x2  
  100  13:16  Marine x2  
  100  13:17  Marine x4  
  100  13:18  Marine x3  
  102  13:38  SCV x2  
Show
View Real Time Build Order
Export as new Build Order

Хищник Zerg 

Build Orders: Pool First, Swarm Host 

Get SALT Encoding   

  12  0:01  Drone  
  13  0:13  Drone  
  14  0:26  Extractor  
  14  0:27  Drone  
  14  0:39  Spawning Pool  
  14  0:40  Drone  
  14  0:45  Drone, Extractor  
  14  0:52  Overlord  
  14  1:05  Overlord  
  14  1:12  Drone  
  15  1:28  Drone x2  
  17  1:47  Queen  
  17  1:48  Drone x2  
  21  2:05  Drone  
  22  2:19  Drone x2  
  24  2:24  Lair  
  24  2:40  Drone x2  
  26  3:00  Drone x4  
  30  3:07  Overlord  
  30  3:24  Infestation Pit  
  29  3:27  Overlord  
  29  3:28  Nydus Network  
  28  4:02  Swarm Host x4  
  40  4:04  Swarm Host x2  
  40  4:07  Overlord  
  46  4:17  Overlord  
  46  4:23  Nydus Canal  
  46  4:25  Queen  
  48  4:34  Swarm Host x3  
  57  5:06  Nydus Canal  
  57  5:15  Queen, Swarm Host  
  57  5:17  Overlord x2  
  62  5:22  Hatchery  
  61  5:57  Spore Crawler  
  61  5:58  Spore Crawler  
  61  6:00  Spore Crawler  
  58  6:18  Nydus Canal  
  58  6:21  Swarm Host  
  58  6:23  Overlord x4  
  61  6:55  Nydus Canal  
  61  7:00  Swarm Host x6  
  79  7:10  Nydus Canal  
  79  7:32  Hatchery  
  78  7:50  Nydus Canal  
  78  8:06  Nydus Canal  
  78  8:11  Drone x3  
  81  8:30  Nydus Canal  
  81  8:45  Nydus Canal  
  81  8:50  Swarm Host x4  
  93  9:00  Nydus Canal  
  93  10:14  Nydus Canal  
  93  10:19  Swarm Host x3  
  93  10:21  Overlord x6  
  75  10:37  Swarm Host x2  
  81  10:46  Swarm Host x2  
  87  10:53  Extractor  
  87  10:55  Extractor  
  82  11:21  Nydus Canal  
  76  11:55  Nydus Canal  
  76  12:04  Swarm Host x3  
  85  12:13  Drone x10  
  95  12:33  Overseer, Pneumatized Carapace  
  95  12:51  Swarm Host x5  
Show
View Real Time Build Order
Export as new Build Order

Хищник Protoss 

Build Orders: Carriers 

Get SALT Encoding   

  12  0:04  Probe (Chrono Boost)  
  13  0:14  Probe (Chrono Boost)  
  13  0:21  Probe  
  15  0:32  Pylon  
  15  0:37  Assimilator  
  15  0:50  Probe  
  15  0:52  Gateway  
  16  0:59  Forge  
  16  1:04  Pylon  
  16  1:08  Probe (Chrono Boost)  
  18  1:20  Probe (Chrono Boost)  
  18  1:24  Probe (Chrono Boost)  
  19  1:35  Probe  
  20  1:40  Photon Cannon  
  20  1:44  Photon Cannon  
  20  2:04  Cybernetics Core  
  20  2:09  Pylon  
  20  2:18  Assimilator  
  20  2:19  Probe  
  21  2:32  Probe  
  22  2:40  Stalker  
  22  2:44  Probe  
  25  2:55  Nexus  
  25  3:09  Shield Battery  
  25  3:13  Shield Battery  
  25  3:20  Pylon  
  25  3:35  Assimilator  
  25  3:45  Stargate  
  25  3:48  Stargate  
  25  3:51  Pylon  
  25  4:07  Probe (Chrono Boost)  
  27  4:18  Probe (Chrono Boost)  
  27  4:22  Probe (Chrono Boost)  
  28  4:33  Probe  
  28  4:37  Void Ray  
  37  4:41  Void Ray  
  37  4:45  Probe  
  38  4:56  Pylon, Photon Cannon  
  38  5:11  Probe  
  39  5:23  Probe  
  39  5:27  Nexus  
  40  5:29  Assimilator  
  40  5:32  Phoenix (Chrono Boost)  
  40  5:34  Assimilator  
  40  5:35  Probe  
  43  5:42  Phoenix (Chrono Boost)  
  43  5:58  Phoenix (Chrono Boost)  
  43  6:00  Phoenix (Chrono Boost)  
  37  6:21  Phoenix  
  37  6:22  Phoenix  
  39  6:46  Phoenix  
  41  6:47  Phoenix  
  41  6:50  Stargate  
  43  6:58  Assimilator  
  43  6:59  Probe (Chrono Boost)  
  45  7:09  Probe (Chrono Boost)  
  45  7:14  Fleet Beacon, Probe (Chrono Boost)  
  46  7:24  Phoenix  
  48  7:31  Probe  
  48  7:36  Phoenix  
  51  7:38  Nexus  
  51  7:43  Probe, Phoenix  
  54  7:55  Probe (Chrono Boost)  
  55  8:04  Anion Pulse-Crystals (Chrono Boost)  
  55  8:05  Probe (Chrono Boost)  
  56  8:10  Probe (Chrono Boost)  
  57  8:15  Pylon x2  
  57  8:16  Stargate  
  57  8:22  Phoenix, Probe  
  60  8:27  Phoenix  
  60  9:19  Phoenix x3  
  66  9:57  Carrier  
  66  9:58  Carrier x2  
  88  10:50  Carrier  
  88  11:10  Protoss Air Weapons Level 1  
  78  12:10  Carrier x3  
  78  12:15  Robotics Facility  
  96  12:35  Robotics Facility  
  96  12:39  Stargate  
  96  12:42  Stargate  
  96  12:44  Pylon x2  
  96  12:52  Pylon x2  
  96  12:54  Pylon  
Tags
 
Add a new tag
Caveats
  • Supply blocks, unpowered buildings, or Contaminate may cause inaccurate times.
  • Supply counts are checked every 10 seconds.